cohdb
Replays
Latest Replays
All Replays
Popular Replays
Top Player Replays
Match Explorer
How It Works
Community
CoH3 Stats
Reddit
Sign in to upload your games and track your stats! →
Sign in with Steam
Match 45994578
Unlisted
Match 45994578
Overview
Messages
Build Orders
End
Kradschützen Motorcycle Team
Selects Italian Combined Arms Battlegroup
Selects Bersaglieri Squad
Bersaglieri Squad
Bersaglieri Squad
250 Light Carrier
Construct Light Support Kompanie
Combat Half-tracks
Assault Grenadier Squad
2.5-tonne Medical Truck
Selects Bersaglieri Bolster
Fire Support Elements
Pak 38 Anti-tank Gun Team
Bersaglieri Squad
Selects Breda Model 30 Light Machine Guns
le.IG 18 Mechanized Group
PidoRhino
_Apec_
Genki
persszpady
0
0
Comments
sign in to comment!
No comments posted yet!